 Dungeon Crawl Stone Soup version 0.29.1-2-gbd0b4ee654 (webtiles) character file.

Game seed: 1397109253766242485

693 Gabide the Covered (level 7, -10/58 HPs)
             Began as a Demigod Wanderer on Nov 11, 2022.
             Mangled by a gnoll sergeant
             ... wielding a +0 trident of flaming
              (11 damage)
             ... on level 5 of the Dungeon.
             The game lasted 00:07:59 (5235 turns).

Gabide the Covered (Demigod Wanderer)               Turns: 5235, Time: 00:07:59

Health: -10/58     AC:  9    Str: 27    XL:     7   Next: 14%
Magic:  14/14      EV: 10    Int: 13    God:
Gold:   173        SH:  0    Dex: 13    Spells: 11/12 levels left

rFire   . . .      SeeInvis +   a - +6 hand axe "Cosch" {venom, rElec Str+5 SInv}
rCold   . . .      Faith    .   (no shield)
rNeg    . . .      Spirit   .   d - +2 scale mail
rPois   .          Reflect  .   (no helmet)
rElec   +          Harm     .   (no cloak)
rCorr   .          Rampage  .   (no gloves)
Will    .....                   (no boots)
Stlth   +.........              j - amulet of magic regeneration
HPRegen 0.19/turn               (no ring)
MPRegen 0.54/turn               (no ring)

@: lethally poisoned (-10 -> -12)
A: high MP 1, forlorn, divine attributes
a: no special abilities


You were on level 5 of the Dungeon.
You visited 1 branch of the dungeon, and saw 5 of its levels.

You collected 173 gold pieces.

Inventory:

Hand Weapons
 a - the +6 hand axe "Cosch" (weapon) {venom, rElec Str+5 SInv}
   (You found it on level 4 of the Dungeon)

   It poisons the flesh of those it strikes.
   Str:       It affects your strength (+5).
   rElec:     It insulates you from electricity.
   SInv:      It lets you see invisible.
Missiles
 f - 5 poisoned darts
 g - 3 curare-tipped darts
Armour
 d - a +2 scale mail (worn)
Jewellery
 j - an amulet of magic regeneration (around neck)
Wands
 h - a wand of roots (4)
 n - a wand of polymorph (9)
Scrolls
 c - 3 scrolls of blinking
 i - a scroll of poison
 k - a scroll of fog
 l - a scroll of fear
 m - a scroll of teleportation {unknown}
 p - a scroll of enchant armour {unknown}
 q - a scroll of enchant weapon {unknown}
Potions
 b - a potion of flight
 e - 3 potions of attraction
 o - a potion of haste


   Skills:
 * Level 3.8 Fighting
 * Level 3.7(3.8) Axes
 - Level 1.0(2.5) Maces & Flails
 * Level 3.8 Armour
 - Level 2.0 Stealth
 - Level 3.0 Spellcasting
 + Level 3.3 Hexes


You had 11 spell levels left.
You knew the following spells:

 Your Spells              Type           Power      Damage    Failure   Level
a - Slow                  Hex            40%        N/A       13%         1

Your spell library contained the following spells:

 Spells                   Type           Power      Damage    Failure   Level
 Confusing Touch          Hex            10%        N/A       36%         3
 Freeze                   Ice            4%         1d3       45%         1
 Frozen Ramparts          Ice            2%         1d1       83%         3
 Hailstorm                Conj/Ice       1%         3d3       99%         4


Dungeon Overview and Level Annotations

Branches:
Dungeon (5/15)
 Temple: D:4-7


Innate Abilities, Weirdness & Mutations

You have an increased reservoir of magic. (+10% MP)
You shall have no god before yourself.
Your divine heritage dramatically boosts your attributes as you level up.


Message History

You feel sick. The gnoll hits you with a +3 spear.
The gnoll hits you with a +0 spear.
* * * LOW HITPOINT WARNING * * *
The gnoll sergeant closely misses you.
The gnoll hits you from afar with a +0 spear.
* * * LOW HITPOINT WARNING * * *
You closely miss the gnoll sergeant.
The gnoll sergeant is moderately wounded.
You barely miss the gnoll. You closely miss the gnoll.
You feel sick. The gnoll hits you with a +3 spear.
* * * LOW HITPOINT WARNING * * *
The gnoll hits you but does no damage. The gnoll sergeant closely misses you.
The gnoll hits you from afar with a +0 spear.
* * * LOW HITPOINT WARNING * * *
Okay, then.
Unknown command.
Unknown command.
Okay, then.
Aiming: Fastroot
Press: ? - help, Shift-Dir - straight line, f - you The roots erupt in riotous growth!
Roots grab the gnoll.
Roots grab the gnoll sergeant.
Roots grab the gnoll.
The grasping roots constrict the gnoll sergeant.
The grasping roots constrict the gnoll. x2; You feel sick.
You hear a shout! x2
You kill the gnoll!
The gnoll hits you from afar with a +0 spear.
* * * LOW HITPOINT WARNING * * *
The gnoll sergeant closely misses you. The gnoll hits you but does no damage.
Unknown command.
You hit the gnoll sergeant but do no damage.
The gnoll sergeant is heavily wounded.
You hit the gnoll.
The gnoll is poisoned.
The grasping roots constrict the gnoll sergeant!
The grasping roots constrict the gnoll!
You kill the gnoll!
* * * LOW HITPOINT WARNING * * *
You feel sick.
The gnoll sergeant hits you with a +0 trident of flaming!
You die...

#......# .. ###
#......##.##
####<##
#...........#
..#...#
...........#
..#.8.# ..........#
..#...# #..g....##
.###.## #.)g#....#
..##.#######
#@#....#.
..#...##...##
##<)......
).'.8....8.<#
#....#....
###...##...##
#...## ..
####+##########...#
..# #..........##
#.# #......###..#
### #.....## #.....
..#
#.....#####.#.#.#


You could see a gnoll sergeant (very poisoned, rooted) and a gnoll.

Vanquished Creatures
  Pargi (D:3)
  2 ogres (D:5)
  Blork the orc (D:5)
  A scorpion (D:4)
  A howler monkey (D:5)
  A hound (D:5)
  2 orc wizards
  2 iguanas (D:4)
  3 adders
  4 gnolls (D:5)
  A shadow imp (D:5)
  An ufetubus (D:4)
  2 dart slugs
  8 orcs
  10 endoplasms
  10 goblins
  5 hobgoblins
  6 kobolds
  4 quokkas
  6 ball pythons
  7 bats
  4 frilled lizards
  4 rats
86 creatures vanquished.

Notes
Turn   | Place    | Note
-------+----------+-------------------------------------------
     0 | D:1      | Gabide the Demigod Wanderer began the quest for the Orb.
     0 | D:1      | Gabide set off with the following items: a +0 club, a
                  | potion of curing, a scroll of blinking, a +2 scale mail;
                  | and the following spell memorised: Slow; and the following
                  | spells available to memorise: Confusing Touch.
     0 | D:1      | Reached XP level 1. HP: 16/16 MP: 6/6
   737 | D:1      | Reached XP level 2. HP: 23/23 MP: 8/8
  1868 | D:2      | Reached XP level 3. HP: 23/28 MP: 10/10
  3094 | D:3      | Noticed Pargi
  3110 | D:3      | Killed Pargi
  3111 | D:3      | Reached XP level 4. HP: 25/38 MP: 11/11
  3318 | D:3      | Reached XP level 5. HP: 45/45 MP: 12/12
  3864 | D:3      | Reached skill level 1 in Maces & Flails
  3927 | D:3      | Identified the +1 robe of Sugiwoap {*Slow rF+ Str+3}
  4134 | D:4      | Identified the +6 hand axe "Cosch" {venom, rElec Str+5
                  | SInv}
  4189 | D:4      | Reached skill level 1 in Axes
  4520 | D:4      | Reached XP level 6. HP: 45/51 MP: 13/13
  4891 | D:5      | Entered Level 5 of the Dungeon
  4981 | D:5      | Noticed Blork the orc
  4991 | D:5      | Killed Blork the orc
  5045 | D:5      | Reached XP level 7. HP: 30/58 MP: 14/14
  5234 | D:5      | HP: 2/58 [gnoll/+0 spear[a gnoll sergeant] (4)]
  5235 | D:5      | Mangled by a gnoll sergeant

Illustrated notes

Levels and vault maps discovered:
D:1:      nagdon_arrival_double_spiral, layout_rooms
D:2:      layout_loops_cross, basic_altar, minmay_3d_cube
D:3:      layout_basic, gammafunk_temple_overflow_forgotten, uniq_pargi
D:4:      layout_loops_corners, cheibrodos_ashenzari_chains
D:5:      layout_cave_pools, jmf_multi_god_temple, serial_column_ruins,
          column_ruins_hut_ruined, column_ruins_hut_ruined,
          column_ruins_columns_straight, column_ruins_open_tiny,
          column_ruins_open_tiny, column_ruins_open_tiny,
          column_ruins_corridor_straight, column_ruins_grid_1,
          kennysheep_doodads, grunt_ministairs_5, uniq_blork_the_orc,
          uniq_eustachio

Skill      XL: |  1  2  3  4  5  6 |
---------------+-------------------+-----
Stealth        | 2 |  2.0
Armour         | 3 |  3.8
Spellcasting   | 3 |  3.0
Fighting       | 3 |  3.8
Hexes          | 3 |  3.3
Maces & Flails | 1 |  1.0
Axes           | 2 3 |  3.7

Action                   |  1- 3 |  4- 6 |  7- 9 || total
-------------------------+-------+-------+-------++-------
Melee: Club              |   215 |    31 |       ||   246
       Punch             |     1 |       |       ||     1
       Mace              |       |    27 |       ||    27
       Hand axe          |       |    53 |     9 ||    62
Throw: Dart              |     3 |     7 |       ||    10
 Cast: Slow              |     4 |     1 |       ||     5
Evoke: Wand              |     1 |     3 |     1 ||     5
  Use: Scroll            |     5 |     2 |       ||     7
       Potion            |     1 |       |       ||     1
Armor: Scale mail        |   143 |    54 |     6 ||   203
Dodge: Dodged            |   138 |    69 |     9 ||   216
